 Dungeon Crawl Stone Soup version 0.19.0 (webtiles) character file.

7548 Eucla the Carver (level 11, -10/81 HPs)
             Began as a Human Berserker on Nov 19, 2016.
             Was a High Priest of Trog.
             Mangled by a skeletal warrior
             ... wielding a +0 dire flail
             ... led by a skeletal warrior
              (25 damage)
             ... on level 9 of the Dungeon.
             The game lasted 00:14:07 (7419 turns).

Eucla the Carver (Human Berserker)                  Turns: 7419, Time: 00:14:08

Health: -10/81     AC: 16    Str: 18    XL:     11   Next: 39%
Magic:  11/11      EV:  8    Int:  7    God:    Trog [*****.]
Gold:   252        SH:  0    Dex: 16    Spells: 0 memorised, 10 levels left

rFire  . . .     SeeInvis .     a - +1 falchion
rCold  . . .     Gourm    .     p - +1 plate armour
rNeg   . . .     Faith    .     (no shield)
rPois  +         Spirit   .     (no helmet)
rElec  +         Reflect  .     r - +2 cloak {rPois}
rCorr  .         Harm     .     (no gloves)
MR     ++...     Clarity  +     (no boots)
Stlth  ..........               e - amulet of regeneration
                                (no ring)
                                (no ring)

@: exhausted, regenerating, slowed, very slow
A: claws 1, blurry vision 2, clarity, screaming 1, electricity resistance
a: Berserk, Trog's Hand, Brothers in Arms, Burn Spellbooks, Renounce Religion


You were on level 9 of the Dungeon.
You worshipped Trog.
Trog was extremely pleased with you.
You were not hungry.

You visited 1 branch of the dungeon, and saw 9 of its levels.
You also visited: Sewer.

You collected 482 gold pieces.
You spent 230 gold pieces at shops.

Inventory:

Hand Weapons
 a - a +1 falchion (weapon)
 b - a +0 long sword
Armour
 p - a +1 plate armour (worn)
 q - a +2 cloak of invisibility
 r - a +2 cloak of poison resistance (worn)
Jewellery
 e - an amulet of regeneration (around neck)
Wands
 j - a wand of random effects (13/48)
 v - a wand of slowing (13/48)
 x - a wand of lightning (7/15)
 A - a wand of teleportation (7/9)
Scrolls
 d - 3 scrolls of fog
 f - 5 scrolls of fear
 h - 2 scrolls of enchant weapon
 i - 7 scrolls of remove curse
 t - a scroll of blinking
 u - a scroll of identify
 y - a scroll of vulnerability {unknown}
Potions
 g - 2 potions of brilliance
 k - 2 potions of heal wounds
 n - a potion of curing
 s - a potion of degeneration
 w - a potion of might
 B - a potion of cancellation
Books
 o - a book of Conjurations

   Spells                             Type                      Level
   a - Magic Dart                     Conjuration                  1
   b - Searing Ray                    Conjuration                  2
   c - Dazzling Spray                 Conjuration/Hexes            3
   d - Fulminant Prism                Conjuration/Hexes            4
   e - Iskenderun's Mystic Blast      Conjuration                  4
   f - Iskenderun's Battlesphere      Conjuration/Charms           5
   Trog disapproves of the use of such an item.
 z - a book of Necromancy

   Spells                             Type                      Level
   a - Pain                           Necromancy                   1
   b - Animate Skeleton               Necromancy                   1
   c - Vampiric Draining              Necromancy                   3
   d - Regeneration                   Charms/Necromancy            3
   e - Animate Dead                   Necromancy                   4
   f - Control Undead                 Necromancy                   4
   Trog disapproves of the use of such an item.
Comestibles
 c - 7 bread rations
 l - 3 fruits
 m - 6 meat rations


   Skills:
 + Level 6.0 Fighting
 - Level 14.0 Long Blades
 + Level 5.5 Armour
 + Level 5.5 Dodging


You had 10 spell levels left.
You didn't know any spells.

Dungeon Overview and Level Annotations

Branches:
Dungeon (9/15)             Temple (0/1) D:5             Orc (0/2) D:9
   Lair: D:8-11

Altars:
Kikubaaqudgha
Makhleb
Uskayaw
Xom
Zin
The Shining One

Shops:
D:4 *   D:5 (   D:8 %


Innate Abilities, Weirdness & Mutations

You have sharp fingernails.
Scrolls take you longer to read.
You possess an exceptional clarity of mind.
You occasionally shout uncontrollably at your foes.
You are resistant to electric shocks. (rElec)


Message History

The skeletal warrior hits you with a mace!!
* * * LOW HITPOINT WARNING * * *
You hit the skeletal warrior but do no damage.
The skeletal warrior is almost destroyed.
Unknown command.
You are too injured to fight recklessly!
You slash the skeletal warrior!
You destroy the skeletal warrior!
Trog accepts your kill.
Your Fighting skill increases to level 6!
You are too injured to fight recklessly!
Your plate armour prevents you from hitting the skeletal warrior.
Unknown command.
Okay, then.
Your ogre goes berserk!
You feel somewhat more hungry.
The skeletal warrior hits you with a dire flail!
* * * LOW HITPOINT WARNING * * *
The skeletal warrior hits you with a dire flail!!
You die...

..........................
..........................
....!...............>....#
.........................)
..<......................#
..........................
......###S#####..........#
..... #z# #........... ####
#@# #..........# #.#
#.#.#...#.#. ########
#O#####.##.#.#.#.#
##......####.........#.#.#+#+
#............................
#............................
#............................
##.............###.....#.....
#.............###.....#.....


You could see a skeletal warrior, an adder and a friendly ogre (berserk).

Vanquished Creatures
  3 skeletal warriors (D:9)
  Grinder (D:6)
  The ghost of Eucla the Chopper, an amateur HuBe of Trog (D:3)
  A two-headed ogre (D:8)
  A hippogriff (D:7)
  A spriggan (D:8)
  2 hungry ghosts
  Edmund (D:6)
  Menkaure (D:6)
  Duvessa (D:4)
  A hornet zombie (D:7)
  3 sky beasts
  4 orc warriors
  3 ice beasts
  2 phantoms (D:7)
  3 ogres
  7 centaurs
  4 bullfrogs
  3 big kobolds (Sewer)
  A wyvern zombie (D:7)
  Dowan (D:4)
  2 scorpions (D:6)
  5 wights
  A howler monkey (D:5)
  2 crimson imps
  3 hounds
  Crazy Yiuf (D:4)
  9 orc priests
  16 orc wizards
  A centaur skeleton (D:8)
  An iguana (D:8)
  7 worker ants
  A killer bee zombie (D:6)
  2 hound zombies
  A hound skeleton (D:7)
  A howler monkey zombie (D:6)
  2 worker ant zombies
  A howler monkey skeleton (D:8)
  A river rat (Sewer)
  9 adders
  A shadow imp (D:8)
  7 oozes (Sewer)
  An adder skeleton (D:6)
  5 worms
  2 dart slugs
  6 leopard geckos
  42 orcs
  5 giant cockroaches
  8 goblins
  3 hobgoblins
  8 jackals
  7 quokkas
  6 ball pythons
  3 bats
  4 frilled lizards
  A jackal skeleton (D:8)
  10 kobolds
  A quokka skeleton (D:7)
  11 rats
242 creatures vanquished.

Vanquished Creatures (others)
  A human (D:3)
1 creature vanquished.

Grand Total: 243 creatures vanquished

Notes
Turn   | Place    | Note
-------+----------+-------------------------------------------
     0 | D:1      | Eucla the Human Berserker began the quest for the Orb.
     0 | D:1      | Reached XP level 1. HP: 18/18 MP: 1/1
   228 | D:1      | Reached XP level 2. HP: 24/24 MP: 2/2
   563 | D:2      | Found a burning altar of Makhleb.
   618 | D:2      | Found a glowing golden altar of the Shining One.
   643 | D:2      | Reached skill level 4 in Long Blades
   643 | D:2      | Reached XP level 3. HP: 29/29 MP: 3/3
   738 | D:2      | Reached ** piety under Trog
  1073 | D:3      | Noticed Eucla's ghost (amateur HuBe)
  1189 | D:3      | HP: 2/43 [Eucla's ghost (7)]
  1195 | D:3      | Killed Eucla's ghost
  1195 | D:3      | Reached skill level 6 in Long Blades
  1195 | D:3      | Reached XP level 4. HP: 3/35 MP: 4/4
  1195 | D:3      | Reached XP level 5. HP: 4/41 MP: 5/5
  1195 | D:3      | Reached XP level 6. HP: 4/47 MP: 6/6
  1692 | D:3      | Found an ancient bone altar of Kikubaaqudgha.
  1693 | D:3      | Noticed a human
  1695 | D:3      | Killed a human
  2322 | D:4      | Reached skill level 7 in Long Blades
  2345 | D:4      | Reached XP level 7. HP: 32/52 MP: 7/7
  2593 | D:4      | Noticed Dowan
  2594 | D:4      | Noticed Duvessa
  2604 | D:4      | Killed Duvessa
  2604 | D:4      | Reached skill level 8 in Long Blades
  2606 | D:4      | Killed Dowan
  2938 | D:4      | Reached *** piety under Trog
  2951 | D:4      | Found a runed door.
  2991 | D:4      | Found Puzeawib's Assorted Antiques.
  2993 | D:4      | Bought a runed cloak for 210 gold pieces
  3006 | D:4      | Bought a scroll labeled TOHACWE KEUCHI for 20 gold pieces
  3149 | D:4      | Noticed Crazy Yiuf
  3158 | D:4      | Killed Crazy Yiuf
  3187 | D:5      | Entered Level 5 of the Dungeon
  3207 | D:5      | Reached XP level 8. HP: 46/58 MP: 8/8
  3231 | D:5      | Found a staircase to the Ecumenical Temple.
  3266 | D:5      | Reached skill level 9 in Long Blades
  3419 | D:5      | Found Okofaata's Weapon Boutique.
  3644 | D:6      | Noticed Edmund
  3661 | D:6      | Killed Edmund
  3661 | D:6      | Reached skill level 10 in Long Blades
  3707 | D:6      | Noticed Menkaure
  3716 | D:6      | Killed Menkaure
  3718 | D:6      | Reached XP level 9. HP: 63/63 MP: 9/9
  3721 | D:6      | Reached skill level 11 in Long Blades
  3915 | D:6      | Noticed Grinder
  3959 | D:6      | Killed Grinder
  4032 | D:6      | Found a glowing drain.
  4042 | D:6      | Reached **** piety under Trog
  4064 | Sewer    | Entered a sewer
  4307 | Sewer    | Reached skill level 12 in Long Blades
  4908 | D:6      | Found a shimmering altar of Xom.
  4913 | D:6      | Found an ancient bone altar of Kikubaaqudgha.
  4920 | D:6      | Found a glowing silver altar of Zin.
  5117 | D:7      | Reached ***** piety under Trog
  5288 | D:7      | Reached XP level 10. HP: 48/70 MP: 10/10
  5319 | D:7      | Reached skill level 13 in Long Blades
  5784 | D:8      | Reached skill level 14 in Long Blades
  5979 | D:8      | Found Juadoat's Food Shoppe.
  6244 | D:8      | Gained mutation: You have sharp fingernails. [mutagenic meat]
  6245 | D:8      | Gained mutation: Scrolls take you a little longer to read. [mutagenic meat]
  6246 | D:8      | Gained mutation: Your mind is acute. (Int +2) [mutagenic meat]
  6247 | D:8      | Gained mutation: You possess an exceptional clarity of mind. [mutagenic meat]
  6248 | D:8      | Lost mutation: Your mind is acute. (Int +2) [mutagenic meat]
  6252 | D:8      | Gained mutation: You are resistant to electric shocks. (rElec) [potion of mutation]
  6252 | D:8      | Gained mutation: Scrolls take you longer to read. [potion of mutation]
  6252 | D:8      | Gained mutation: You occasionally shout uncontrollably at your foes. [potion of mutation]
  6628 | D:9      | Found a staircase to the Orcish Mines.
  6768 | D:8      | Reached XP level 11. HP: 25/78 MP: 11/11
  7136 | D:9      | Found a hide-covered altar of Uskayaw.
  7286 | D:9      | Reached skill level 5 in Fighting
  7292 | D:9      | Reached ****** piety under Trog
  7357 | D:9      | Noticed a skeletal warrior
  7357 | D:9      | Noticed a skeletal warrior
  7358 | D:9      | Noticed a skeletal warrior
  7358 | D:9      | Noticed a skeletal warrior
  7384 | D:9      | Killed a skeletal warrior
  7402 | D:9      | Killed a skeletal warrior
  7402 | D:9      | Reached skill level 5 in Armour
  7402 | D:9      | Reached skill level 5 in Dodging
  7417 | D:9      | Killed a skeletal warrior
  7419 | D:9      | Mangled by a skeletal warrior

Skill      XL: |  1  2  3  4  5  6  7  8  9 10 11 |
---------------+----------------------------------+-----
Long Blades    | 4 6 7 8 10 12 14 | 14.0
Dodging        | 4 5 |  5.5
Armour         | 4 5 |  5.5
Fighting       | 4 6 |  6.0

Action                   |  1- 3 |  4- 6 |  7- 9 | 10-12 || total
-------------------------+-------+-------+-------+-------++-------
Melee: Falchion          |   137 |    63 |   633 |   572 ||  1405
Invok: Berserk           |     2 |     1 |     5 |     7 ||    15
       Trog's Hand       |     2 |       |     2 |     2 ||     6
       Brothers in Arms  |       |       |       |     1 ||     1
  Use: Scroll            |     7 |       |     5 |     4 ||    16
       Potion            |     1 |       |       |     6 ||     7
  Eat: Meat ration       |     1 |       |     1 |       ||     2
       Beef jerky        |     1 |       |       |     2 ||     3
       Pizza             |     1 |       |       |     1 ||     2
       Chunk             |       |       |    11 |    18 ||    29
       Fruit             |       |       |       |     7 ||     7
Armor: Chain mail        |    47 |       |       |       ||    47
       Animal skin       |     1 |       |       |       ||     1
       Plate armour      |    27 |    32 |   339 |   297 ||   695
       Skin              |       |       |       |     2 ||     2
Dodge: Dodged            |    51 |    24 |   155 |   130 ||   360
       Rpst.: Falchion   |    14 |     5 |    55 |    38 ||   112
